cohdb
Replays
Latest Replays
All Replays
Popular Replays
Top Player Replays
Match Explorer
How It Works
Community
CoH3 Stats
Reddit
Sign in to upload your games and track your stats! →
Sign in with Steam
Match 43606470
Unlisted
Match 43606470
Overview
Messages
Build Orders
End
Construct Infanterie Kompanie
Kettenkrad Recon Vehicle
Grenadier Squad
Selects Breakthrough Battlegroup
Selects Assault Grenadiers
Grenadier Squad
GrW 34 Mortar Team
MG 42 Machine Gun Team
Construct Panzergrenadier Kompanie
251 Medium Carrier
Selects Rapid Production
Pak 40 Anti-tank Gun Team
Support Elements
Nebelwerfer 42 Rocket Launcher Team
Kettenkrad Recon Vehicle
StuG III G Assault Gun
StuG III G Assault Gun
Kettenkrad Recon Vehicle
Selects Blitzkrieg
Nebelwerfer 42 Rocket Launcher Team
Selects Tiger Heavy Tank
Tiger Heavy Tank
Panzergrenadier Officer Quarters
251 Medium Carrier
Pioneer Squad
Pioneer Squad
Pioneer Squad
Selects Smoke Bombing Run
Selects Incendiary Bombing Run
Pioneer Squad
Construct Panzer Kompanie
Kettenkrad Recon Vehicle
Mustache and Melons
judge789
BatON
Archibald
0
0
Comments
sign in to comment!
No comments posted yet!